 Dungeon Crawl Stone Soup version 0.14-a0-817-g3f7b0b1 (webtiles) character file.

76 4tharraofdagon the Chopper (level 2, -3/23 HPs)
             Began as a Demonspawn Gladiator on Nov 12, 2013.
             Slain by a gnoll
             ... wielding a +0,+0 spear
              (6 damage)
             ... on Level 3 of the Dungeon.
             The game lasted 00:01:32 (239 turns).

4tharraofdagon the Chopper (Demonspawn Gladiator)    Turns: 239, Time: 00:01:32

HP  -3/23        AC  4     Str 17      XL: 2   Next: 58%
MP   1/1         EV 12     Int  9      God:
Gold 56          SH  0     Dex 13      Spells:  0 memorised,  1 level left

Res.Fire  : . . .   See Invis. : .   a - +0 hand axe
Res.Cold  : . . .   Warding    : .   b - +0 leather armour
Life Prot.: . . .   Conserve   : .   (no shield)
Res.Poison: .       Res.Corr.  : .   c - +0 helmet
Res.Elec. : .       Clarity    : .   (no cloak)
Sust.Abil.: . .     Spirit.Shd : .   (no gloves)
Res.Mut.  : .       Stasis     : .   (no boots)
Res.Rott. : .       Flight     : .   k - amulet of the gourmand
Gourmand  : +                        (no ring)
                                     g - cursed -3 ring of strength

@: mighty, not resistant to hostile enchantments, very unstealthy
A: hooves 1
a: no special abilities


You were on level 3 of the Dungeon.
You were not hungry.

You visited 1 branch of the dungeon, and saw 3 of its levels.

You collected 56 gold pieces.

Inventory:

Hand weapons
 a - a +0,+0 hand axe (weapon)
Missiles
 d - 3 throwing nets (quivered)
Armour
 b - a +0 leather armour (worn)
 c - a +0 helmet (worn)
Magical devices
 h - a wand of random effects (2)
Comestibles
 f - a bread ration
 l - a chunk of bat flesh
Scrolls
 e - 2 scrolls of teleportation {unknown}
 i - a scroll of remove curse {unknown}
 j - a scroll of recharging {unknown}
Jewellery
 g - a cursed -3 ring of strength (left hand)
 k - an amulet of the gourmand (around neck)


   Skills:
 + Level 2.2 Fighting
 * Level 3.3 Axes
 - Level 1.7 Throwing
 + Level 0.5 Armour
 - Level 2.6 Dodging


You had one spell level left.
You didn't know any spells.

Dungeon Overview and Level Annotations

Branches:
Dungeon (3/27)

Altars:

Annotations:
D:3 4tharraofdagon's ghost, weakling DsGl


Innate Abilities, Weirdness & Mutations

You have large cloven feet.


Message History

Zapping:
h - a wand of random effects {zapped: 9}
Press: ? - help, Shift-Dir - straight line, f/p - gnoll
Aim: a gnoll, wielding a club (moving slowly)
The gnoll looks slightly unstable.
Evoke which item? (* to show all) (? for menu, Esc to quit)
Zapping:
h - a wand of random effects {zapped: 10}
Press: ? - help, Shift-Dir - straight line, f/p - gnoll
Aim: a gnoll, wielding a club (moving slowly)
The gnoll seems more stable.
The gnoll misses you. The gnoll hits you with a club.
* * * LOW HITPOINT WARNING * * *
Unknown command.
Evoke which item? (* to show all) (? for menu, Esc to quit)
Okay, then.
The gnoll hits you but does no damage.
The gnoll is no longer moving slowly.
You open the door. The gnoll closely misses you.
Found a stone staircase leading down.
The gnoll hits you from afar with a spear.
You die...

###.. ...(..
##....###. # ###
............ ..#
#..........# #.# .
#..... ...###.## .
#...# .... .>.
###...####.#.# #.#
..+........#.###@##
..#...............#
#.#..(#.........gg#
#.#...#.........g.#
#.#####...........#
#.# #...........#
..# #...........#
..# #...........#
..# #...........#


You could see 3 gnolls.

Vanquished Creatures
  An adder (D:3)
  A goblin (D:3)
  3 kobolds (D:3)
  4 bats (D:3)
  A rat (D:3)
10 creatures vanquished.

Vanquished Creatures (collateral kills)
  A bat (D:3)
1 creature vanquished.

Grand Total: 11 creatures vanquished

Notes
Turn   | Place    | Note
--------------------------------------------------------------
     0 | D:1      | 4tharraofdagon, the Demonspawn Gladiator, began the quest for the Orb.
     0 | D:1      | Reached XP level 1. HP: 17/17 MP: 0/0
   143 | D:3      | Reached skill level 3 in Axes
   149 | D:3      | Noticed 4tharraofdagon's ghost (weakling DsGl)
   160 | D:3      | Paralysed by a potion of paralysis for 2 turns
   164 | D:3      | Gained mutation: You have large cloven feet. [demonic ancestry]
   164 | D:3      | Reached XP level 2. HP: 10/23 MP: 1/1
   181 | D:3      | HP: 1/23 [poisoned by an adder]
   239 | D:3      | Slain by a gnoll

Action                   || total
-------------------------++-------
Melee: Hand axe          ||    18
Evoke: Wand              ||    11
  Use: Potion            ||     3
